 Dungeon Crawl Stone Soup version 0.31-a0-1074-g0b22e4e0f1 (webtiles) character file.

Game seed: 10856065340988747801

2426 bmb222 the Grappler (level 9, -8/54 HPs)
             Began as an Octopode Shapeshifter on Nov 30, 2023.
             Mangled by a hornet (15 damage)
             ... on level 7 of the Dungeon.
             The game lasted 00:09:32 (7006 turns).

bmb222 the Grappler (Octopode Shapeshifter)         Turns: 7006, Time: 00:09:33

Health: -8/54      AC:  1    Str: 17    XL:     9   Next: 48%
Magic:  8/8        EV: 15    Int: 12    God:
Gold:   196        SH:  0    Dex: 18    Spells: 8/8 levels left

rFire   . .          .
                       - Unarmed
rCold   + . .        (no shield)
rNeg    . . .        (helmet currently unavailable)
rPois   .            (no amulet)
rElec   .            k - +6 ring of dexterity
rCorr   .            t - ring of protection from cold
SInv    .            (no ring)
Will    .....        (no ring)
Stlth   +++++        (no ring)
HPRegen 0.29/turn    (no ring)
MPRegen 0.11/turn    (no ring)
                     (no ring)

%: no passive effects
@: lethally poisoned (-8 -> -13), beast-form, slowed, very slow
A: beast (slay +4), almost no armour, amphibious, 8 rings, camouflage 1,
gelatinous body 1, (nimble swimmer 1), tentacles, low MP 1
a: Begin Untransformation


You were on level 7 of the Dungeon.
You were a hulking beast.
You visited 2 branches of the dungeon, and saw 8 of its levels.

You collected 421 gold pieces.
You spent 225 gold pieces at shops.

Inventory:

Missiles
 h - 4 curare-tipped darts (quivered)
 A - 11 poisoned darts
Armour
 y - a +2 buckler of positive energy
Jewellery
 k - a +6 ring of dexterity (left tentacle)
 t - a ring of protection from cold (right tentacle)
Talismans
 b - a beast talisman
 c - a flux talisman
 x - a maw talisman
Wands
 v - a wand of flame (36)
Scrolls
 a - a scroll of torment {unknown}
 d - a scroll of fear
 n - a scroll of poison
 q - a scroll of teleportation
 r - 3 scrolls of noise
 u - 2 scrolls of enchant weapon {unknown}
 w - a scroll of enchant armour {unknown}
 B - a scroll of fog {unknown}
Potions
 g - a potion of enlightenment
 i - 2 potions of attraction
 j - a potion of ambrosia {unknown}
 l - 3 potions of curing
 o - a potion of brilliance
 p - a potion of haste


   Skills:
 - Level 2.2 Fighting
 + Level 0.2 Throwing
 - Level 3.7 Dodging
 - Level 7.2 Stealth
 - Level 8.1 Unarmed Combat
 * Level 7.6 Shapeshifting


You had 8 spell levels left.
You didn't know any spells.
Your spell library contained the following spells:

 Spells                   Type           Power      Damage    Failure   Level
 Necrotise                Necr           0%         1d4       32%         1
 Ensorcelled Hibernation  Hex/Ice        0%         N/A       45%         2
 Jinxbite                 Hex            0%         N/A       45%         2
 Lesser Beckoning         Tloc           0%         N/A       45%         2
 Gell's Gravitas          Tloc           0%         N/A       69%         3
 Teleport Other           Tloc           0%         N/A       69%         3
 Vampiric Draining        Necr           0%         2d6       69%         3
 Anguish                  Hex/Necr       0%         N/A       97%         4
 Agony                    Necr           0%         N/A       100%        5


Dungeon Overview and Level Annotations

Branches:
Dungeon (7/15)             Temple (1/1) D:5

Altars:
Cheibriados
Elyvilon
Fedhas
Gozag
Hepliaklqana
Kikubaaqudgha
Nemelex Xobeh
Okawaru
Qazlal
Ru
Sif Muna
Trog
Uskayaw
Vehumet
Wu Jian
Xom
Yredelemnul
The Shining One

Shops:
D:5 [   D:6 ?


Innate Abilities, Weirdness & Mutations

You are a hulking beast.
Your limbs bulge with bestial killing power. (Slay +4)
You cannot wear most types of armour.
You are amphibious.
You can wear up to eight rings at the same time.
Your skin changes colour to match your surroundings (Stealth+).
Your rubbery body absorbs attacks. (AC +1, EV +1)
((You are camouflaged when in or above water. (Stealth+)))
You have tentacles for arms and can constrict up to eight enemies at once.
Your magical capacity is low. (-10% MP)


Message History

You tentacle-slap the steam dragon. You squeeze the steam dragon.
The steam dragon is almost dead.
You are engulfed in a cloud of scalding steam.
An ice beast comes into view.
The steam dragon bites you! The steam dragon claws you.
You tentacle-slap the steam dragon.
The steam dragon is almost dead.
You are engulfed in a cloud of scalding steam.
The steam dragon bites you.
* * * LOW HITPOINT WARNING * * *
The steam dragon claws you.
* * * LOW HITPOINT WARNING * * *
You tentacle-slap the steam dragon.
You kill the steam dragon!
The steam dragon scales are intact enough to wear.
You feel much better. The hornet stings you!
You feel yourself slow down.
You tentacle-slap the hornet but do no damage.
Your grab misses the hornet. You squeeze the hornet!
The hornet is moderately wounded.
The hornet stings you!
* * * LOW HITPOINT WARNING * * *
You are poisoned.
You feel as though you will be slow longer.
The hornet closely misses you.
You tentacle-slap the hornet but do no damage.
Your grab misses the hornet. Your squeeze misses the hornet.
The hornet is moderately wounded.
* * * LOW HITPOINT WARNING * * *
You feel very sick. The hornet barely misses you. x2
Unknown command.
You tentacle-slap the hornet. Your grab misses the hornet.
The hornet is moderately wounded.
* * * LOW HITPOINT WARNING * * *
You feel very sick. The hornet closely misses you.
You miss the hornet. Your grab misses the hornet.
The hornet is moderately wounded.
You feel sick. The hornet closely misses you. The hornet stings you!
You die...

#.# #...###.
###.#####...# ##
##.........#.....
##........#####.##
#............. ..
#..........###
#(....<....#
#######...........#
#.....[h............
.....Y.y............
≈≈≈≈≈≈≈≈≈..........
≈......$≈........#
≈§§≈§≈§.≈...(....#
≈.≈.....≈........#
≈§≈._.≈.≈.....)..
≈.§...§.≈...)..


You could see a hornet and an ice beast.

Vanquished Creatures
  A wyvern (D:7)
  A steam dragon (D:7)
  Duvessa (D:6)
  3 ice beasts
  A black bear (D:4)
  2 ogres
  3 centaurs
  2 phantoms (D:6)
  A kobold brigand (D:7)
  A scorpion (D:5)
  3 bullfrogs
  5 wights
  Dowan (D:6)
  A howler monkey (D:5)
  2 jellies
  A hound (D:4)
  Jessica (D:2)
  Terence (D:2)
  5 iguanas
  8 adders
  A shadow imp (D:5)
  2 white imps
  2 ufetubi (D:5)
  3 worms
  6 dart slugs
  2 orcs
  4 ball pythons
  6 endoplasms
  2 giant cockroaches
  10 hobgoblins
  14 jackals
  3 quokkas
  4 bats
  4 frilled lizards
  13 goblins
  10 kobolds
  5 rats
135 creatures vanquished.

Vanquished Creatures (others)
  A kobold (D:7)
1 creature vanquished.

Grand Total: 136 creatures vanquished

Notes
Turn   | Place    | Note
-------+----------+-------------------------------------------
     0 | D:1      | bmb222 the Octopode Shapeshifter began the quest for the
                  | Orb.
     0 | D:1      | Reached XP level 1. HP: 13/13 MP: 1/1
   124 | D:1      | Reached XP level 2. HP: 18/18 MP: 2/2
   143 | D:1      | Reached skill level 1 in Stealth
   288 | D:1      | Reached XP level 3. HP: 17/23 MP: 3/3
   331 | D:1      | Found a faded altar of an unknown god.
   978 | D:2      | Reached XP level 4. HP: 28/28 MP: 4/4
   979 | D:2      | Noticed Jessica
   989 | D:2      | Killed Jessica
  1046 | D:2      | Found a shimmering blue altar of Sif Muna.
  1099 | D:2      | Noticed Terence
  1116 | D:2      | Killed Terence
  1117 | D:2      | Reached XP level 5. HP: 10/33 MP: 5/5
  2112 | D:3      | Reached skill level 4 in Unarmed Combat
  2270 | D:3      | Found a hide-covered altar of Uskayaw.
  2776 | D:4      | Noticed a black bear
  3271 | D:4      | Killed a black bear
  3272 | D:4      | Reached skill level 5 in Stealth
  3272 | D:4      | Reached XP level 6. HP: 22/38 MP: 6/6
  3419 | D:4      | Found a basalt altar of Yredelemnul.
  3686 | D:5      | Entered Level 5 of the Dungeon
  3698 | D:5      | Reached XP level 7. HP: 43/43 MP: 7/7
  3743 | D:5      | Reached skill level 5 in Unarmed Combat
  3933 | D:5      | Found a staircase to the Ecumenical Temple.
  4024 | Temple   | Entered the Ecumenical Temple
  4119 | D:5      | Found Ygecvokk's Antique Armour Shoppe.
  4443 | D:5      | Reached skill level 6 in Unarmed Combat
  4443 | D:5      | Reached XP level 8. HP: 38/50 MP: 8/8
  4729 | D:6      | Found Dokol's Magic Scroll Emporium.
  4960 | D:6      | Reached skill level 7 in Unarmed Combat
  4999 | D:6      | Noticed Duvessa
  5000 | D:6      | Noticed Dowan
  5003 | D:6      | Killed Duvessa
  5016 | D:6      | Killed Dowan
  5209 | D:6      | Reached skill level 5 in Shapeshifting
  5306 | D:6      | Reached skill level 8 in Unarmed Combat
  5533 | D:6      | Found a glowing golden altar of the Shining One.
  5771 | D:6      | Reached XP level 9. HP: 49/54 MP: 9/9
  5887 | D:5      | Bought a shiny buckler for 225 gold pieces
  6357 | D:7      | Gained mutation: Your magical capacity is low. (-10% MP)
                  | [potion of mutation]
  6994 | D:7      | Found an ancient bone altar of Kikubaaqudgha.
  6997 | D:7      | Noticed a hornet
  7006 | D:7      | Mangled by a hornet

Illustrated notes

Levels and vault maps discovered:
D:1:      minmay_arrival_nine_rooms, layout_rooms,
          hellmonk_ecumenical_altar_heavens_door
D:2:      layout_loops_ring, serial_aquarium, aquarium_bridge_square
          [aquarium_subvault_window, aquarium_subvault_window,
          aquarium_subvault_wall, aquarium_subvault_bridge],
          aquarium_bridge_long_joined [aquarium_subvault_wall,
          aquarium_subvault_wall, aquarium_subvault_wall,
          aquarium_subvault_wall, aquarium_subvault_bridge,
          aquarium_subvault_bridge], aquarium_window_1, aquarium_window_fake,
          aquarium_view_2e, basic_altar, kennysheep_cluttered_room,
          uniq_jessica, uniq_terence
D:3:      layout_loops_ring, eat_drink_and_be_merry_uskayaw, chequers_big_river
D:4:      layout_cave_pools, mainiacjoe_overflow_alcove_1, minmay_ogre_servants
D:5:      layout_rooms, minmay_temple_entry_nine_rooms, serial_shops,
          nicolae_shop_advertising_works [nicolae_subvault_shop_adworks],
          kennysheep_generic_room_15
D:6:      layout_rooms, tso_oasis_becter, serial_shops, shop, solitary_fountain,
          kennysheep_boxes, uniq_duvessa
D:7:      layout_rooms, mainiacjoe_overflow_concentric_impassable,
          lemuel_blue_sif_altar, corexii_corridor_pit, st_stairs_6
Temple:   nicolae_temple_bog_church

Skill      XL: |  1  2  3  4  5  6  7  8  9 |
---------------+----------------------------+-----
Stealth        | 1 2 3 5 7 |  7.2
Unarmed Combat | 4 6 8 |  8.1
Shapeshifting  | 4 5 7 |  7.6
Dodging        | 3 |  3.7
Fighting       | 2 |  2.2
Throwing       | |  0.2

Action                     |  1- 3 |  4- 6 |  7- 9 || total
---------------------------+-------+-------+-------++-------
  Melee: Unarmed           |    58 |   128 |   134 ||   320
         Constrict         |    21 |    32 |    18 ||    71
         Tentacles         |    15 |    19 |    33 ||    67
         Punch             |       |     9 |    12 ||    21
  Throw: Dart              |     1 |     1 |     2 ||     4
    Use: Scroll            |       |     3 |     3 ||     6
         Potion            |       |       |    10 ||    10
   Stab: Sleeping          |     5 |    18 |     6 ||    29
 Armour: Skin              |    18 |    46 |    98 ||   162
  Dodge: Dodged            |    33 |    63 |   103 ||   199

Table legend: (Time is in decaauts)
 A = Elapsed time spent in this place.
 B = Non-inter-level travel time spent in this place.
 C = Inter-level travel time spent in this place.
 D = Time resting spent in this place.
 E = Time spent auto-exploring this place.
 F = Levels seen in this place.
 G = Mean time per level.
                   A        B        C        D        E       F      G
               +--------+--------+--------+--------+--------+-----+--------+
         Total |   6981 |   6625 |    356 |   2233 |   3312 |   8 |  872.6 |
       Dungeon |   6951 |   6609 |    342 |   2233 |   3312 |   7 |  993.0 |
        Temple |     29 |     16 |     13 |      0 |      0 |   1 |   29.0 |
               +--------+--------+--------+--------+--------+-----+--------+

Top non-repeatable levels by time:
     D:6: 1249 daAuts
     D:2: 1238 daAuts
     D:5: 1181 daAuts
     D:3: 1066 daAuts
     D:7: 848 daAuts
     D:1: 752 daAuts
     D:4: 615 daAuts
  Temple: 29 daAuts
